 Dungeon Crawl Stone Soup version 0.30-a0-757-ga6a79fd877 (webtiles) character file.

Game seed: 13275810984744439542

2920 cforsyth the Summoner (level 9, 0/45 HPs)
             Began as a Tengu Summoner on Feb 9, 2023.
             Slain by a centaur warrior (13 damage)
             ... on level 7 of the Dungeon.
             The game lasted 00:13:44 (6273 turns).

cforsyth the Summoner (Tengu Summoner)              Turns: 6273, Time: 00:13:44

Health: 0/45       AC:  6    Str:  9    XL:     9   Next: 79%
Magic:  14/22      EV: 15    Int: 20    God:
Gold:   391        SH:  0    Dex: 20    Spells: 12/25 levels left

rFire   . . .      SeeInvis .    w - +7 staff of the Meek {protect, meekguard}
rCold   . . .      Faith    .    (shield currently unavailable)
rNeg    . . .      Spirit   .    a - +0 robe
rPois   .          Reflect  .    (helmet restricted)
rElec   .          Harm     .    j - +0 cloak
rCorr   .          Rampage  .    p - +2 pair of gloves {hurl}
Will    .....                    (boots unavailable)
Stlth   ++                       (no amulet)
HPRegen 0.27/turn                t - ring of wizardry
MPRegen 0.18/turn                x - +6 ring of dexterity

@: flying quickly and evasively, hasted, very quick
A: beak, talons 3, nimble flight
a: no special abilities


You were on level 7 of the Dungeon.
You visited 1 branch of the dungeon, and saw 7 of its levels.

You collected 391 gold pieces.

Inventory:

Hand Weapons
 l - the +9 dagger of Evisceration {heavy, Str+7 Dex-2}
   (You found it on level 2 of the Dungeon)

   Str:       It affects your strength (+7).
   Dex:       It affects your dexterity (-2).
 w - the +7 staff of the Meek (weapon) {protect, meekguard}
   (You found it on level 3 of the Dungeon)
Armour
 a - a +0 robe (worn)
 j - a +0 cloak (worn)
 p - a +2 pair of gloves of hurling (worn)
Jewellery
 t - a ring of wizardry (left hand)
 x - a +6 ring of dexterity (right hand)
 E - a ring of fire
Wands
 y - a wand of flame (13)
Scrolls
 d - 2 scrolls of amnesia
 e - 5 scrolls of teleportation
 h - a scroll of vulnerability
 k - a scroll of enchant weapon {unknown}
 m - 3 scrolls of poison {unknown}
 n - a scroll of fog {unknown}
 q - 2 scrolls of torment {unknown}
 r - a scroll of blinking {unknown}
 s - a scroll of noise {unknown}
 u - a scroll of butterflies {unknown}
 v - 5 scrolls of identify
 A - a scroll of immolation {unknown}
 D - a scroll of fear {unknown}
Potions
 b - 2 potions of magic
 f - a potion of might
 g - a potion of cancellation
 o - 4 potions of heal wounds {unknown}
 z - a potion of brilliance {unknown}
 B - a potion of attraction {unknown}
 C - 2 potions of flight {unknown}
 F - a potion of lignification {unknown}


   Skills:
 - Level 2.1 Dodging
 - Level 2.0 Stealth
 + Level 8.9 Spellcasting
 + Level 12.1 Summonings


You had 12 spell levels left.
You knew the following spells:

 Your Spells              Type           Power      Damage    Failure   Level
a - Summon Small Mammal   Summ           100%       N/A       1%          1
b - Call Imp              Summ           55%        N/A       1%          2
c - Call Canine Familiar  Summ           55%        N/A       1%          3
d - Summon Guardian Gole  Hex/Summ       33%        N/A       1%          3
e - Summon Lightning Spi  Summ/Air       33%        N/A       2%          4

Your spell library contained the following spells:

 Spells                   Type           Power      Damage    Failure   Level
 Sting                    Tmut/Pois      32%        1d4       3%          1
 Summon Cactus Giant      Summ           27%        N/A       3%          6
 Ensorcelled Hibernation  Hex/Ice        16%        N/A       4%          2
 Poisonous Vapours        Pois/Air       16%        N/A       4%          2
 Scorch                   Fire           16%        2d5       4%          2
 Portal Projectile        Hex/Tloc       16%        N/A       10%         3
 Spider Form              Tmut/Pois      8%         N/A       10%         3
 Tukima's Dance           Hex            8%         N/A       10%         3
 Anguish                  Hex/Necr       4%         N/A       30%         4
 Flame Wave               Conj/Fire      8%         2d5       30%         4
 Olgreb's Toxic Radiance  Pois           8%         N/A       30%         4
 Blade Hands              Tmut           4%         N/A       61%         5


Dungeon Overview and Level Annotations

Branches:
Dungeon (7/15)
 Temple: D:4-7

Altars:
Dithmenos
Elyvilon
Qazlal
Xom
Zin

Shops:
D:2 !([*(


Innate Abilities, Weirdness & Mutations

You have a beak for a mouth.
You have claws for feet.
Your magical nature lets you fly swiftly and evasively.


Message History

The centaur warrior wields a +0 shortbow.
The centaur warrior shoots an arrow.
The arrow hits you!!
Ouch! That really hurt!
The centaur warrior shoots an arrow.
The arrow hits you!
* * * LOW HITPOINT WARNING * * *
Unknown command.
Your wolf bites the centaur warrior but does no damage.
The centaur warrior unwields a +0 shortbow.
The centaur warrior hits you.
* * * LOW HITPOINT WARNING * * *
The centaur warrior misses you.
Your wolf bites the centaur warrior.
Unknown command.
You feel yourself speed up.
Your wolf bites the centaur warrior but does no damage.
The centaur warrior misses you.
The centaur warrior kicks you but does no damage.
It was a potion of curing.
You feel better.
Your wolf bites the centaur warrior!
The centaur warrior barely misses you.
The centaur warrior kicks you but does no damage.
You feel better.
Your wolf bites the centaur warrior.
The centaur warrior barely misses you. The centaur warrior kicks you.
Your wolf misses the centaur warrior.
Casting: Call Canine Familiar (safe; 1% risk of failure)
Confirm with . or Enter, or press ? or * to list all spells.
An electric hum fills the air.
The centaur warrior misses you. The centaur warrior kicks you.
Your wolf bites the centaur warrior.
Casting: Summon Lightning Spire (dangerous; 2% risk of failure)
Confirm with . or Enter, or press ? or * to list all spells.
A beastly little devil appears in a puff of frigid air.
The centaur warrior hits you!
* * * LOW HITPOINT WARNING * * *
The centaur warrior kicks you.
* * * LOW HITPOINT WARNING * * *
Your wolf bites the centaur warrior.
You feel better. The centaur warrior hits you.
* * * LOW HITPOINT WARNING * * *
The centaur warrior barely misses you.
Your wolf bites the centaur warrior.
Unknown command.
You feel better. The centaur warrior hits you!
You die...

#<#### ###### #...##.#
.....###....#### ###.##.#
.###..##....##.. #.....#
............#... ##.#.##
[.....##....#... #.#.#
.##..###....#... #.#.#
.##..# #.#####.. #.#.#
.....# #.######c########
.##.## #[#.....h@.# ..#
.##.# #.#...^.5.8#.○...
....####.#.....8..'.....#
.........#........#.....#
.......###........##...##
######......###+### ####
########


You could see a centaur warrior (ally target), a friendly wolf (summoned), a
friendly lightning spire (summoned) and a friendly white imp (summoned).

Vanquished Creatures
  Pikel (D:6)
  Prince Ribbit (D:6)
  Menkaure (D:4)
  An ice beast (D:5)
  A phantom (D:5)
  A hound (D:5)
  An orc priest (D:3)
  2 iguanas
  A shadow imp (D:5)
  2 worms
  7 orcs
  A giant cockroach (D:4)
  2 hobgoblins
  3 quokkas
  A ball python (D:1)
  A bat (D:3)
  A frilled lizard (D:3)
  2 kobolds
  A rat (D:1)
31 creatures vanquished.

Vanquished Creatures (collateral kills)
  A hornet (D:6)
  2 ice beasts
  An ogre (D:6)
  A gnoll sergeant (D:6)
  A scorpion (D:4)
  A killer bee (D:7)
  A howler monkey (D:5)
  3 jellies (D:5)
  2 orc priests (D:5)
  Jessica (D:2)
  3 iguanas
  5 orc wizards
  5 gnolls (D:6)
  An ufetubus (D:6)
  A worm (D:2)
  4 dart slugs
  15 orcs
  5 endoplasms
  2 giant cockroaches
  5 goblins
  2 hobgoblins
  2 kobolds (D:2)
  A quokka (D:1)
  9 ball pythons
  A frilled lizard (D:1)
  4 rats
79 creatures vanquished.

Vanquished Creatures (others)
  A troll (D:7)
  An orc warrior (D:7)
  A lemure (D:6)
  5 wights (D:7)
  2 killer bees (D:7)
  A howler monkey (D:6)
  8 plants (D:1)
19 creatures vanquished.

Grand Total: 129 creatures vanquished

Notes
Turn   | Place    | Note
-------+----------+-------------------------------------------
     0 | D:1      | cforsyth the Tengu Summoner began the quest for the Orb.
     0 | D:1      | Reached XP level 1. HP: 10/10 MP: 4/4
   237 | D:1      | Reached skill level 5 in Summonings
   300 | D:1      | Reached XP level 2. HP: 15/15 MP: 6/6
   303 | D:1      | Learned a level 2 spell: Call Imp
   843 | D:2      | Found Deatawk's Weapon Shoppe.
   876 | D:2      | Identified the +9 dagger of Evisceration {heavy, Str+7
                  | Dex-2}
   886 | D:2      | Noticed Jessica
   890 | D:2      | Killed Jessica
   891 | D:2      | Reached XP level 3. HP: 16/19 MP: 2/8
   895 | D:2      | Learned a level 3 spell: Call Canine Familiar
   948 | D:2      | Found Laobb's General Store.
   991 | D:2      | Found Wesoteb's Antique Weapon Boutique.
  1179 | D:2      | Found Byuc's Armour Shop.
  1211 | D:2      | Reached XP level 4. HP: 14/24 MP: 3/9
  1432 | D:2      | Found Kuusy's Distillery.
  1893 | D:3      | Found a glowing silver altar of Zin.
  1897 | D:3      | Found a shimmering altar of Xom.
  2057 | D:3      | Found a shadowy altar of Dithmenos.
  2331 | D:3      | Reached skill level 6 in Summonings
  2351 | D:3      | Found the +7 staff of the Meek {protect, meekguard}
  2590 | D:4      | Noticed Menkaure
  2591 | D:4      | Gained mutation: Your magical nature lets you fly swiftly
                  | and evasively. [Tengu growth]
  2591 | D:4      | Reached XP level 5. HP: 28/28 MP: 11/11
  2599 | D:4      | Killed Menkaure
  2600 | D:4      | Reached XP level 6. HP: 19/32 MP: 5/13
  2607 | D:4      | Reached skill level 7 in Summonings
  2658 | D:4      | Found a stormy altar of Qazlal.
  2722 | D:4      | Found a white marble altar of Elyvilon.
  3259 | D:5      | Entered Level 5 of the Dungeon
  3767 | D:5      | Noticed an ice beast
  3789 | D:5      | Killed an ice beast
  3790 | D:5      | Reached skill level 5 in Spellcasting
  3790 | D:5      | Reached XP level 7. HP: 36/36 MP: 2/15
  3794 | D:5      | Learned a level 3 spell: Summon Guardian Golem
  3799 | D:5      | Learned a level 4 spell: Summon Lightning Spire
  3948 | D:5      | Reached skill level 8 in Summonings
  4489 | D:5      | Reached XP level 8. HP: 41/41 MP: 13/18
  4674 | D:6      | Noticed a hornet
  4744 | D:6      | Reached skill level 9 in Summonings
  4885 | D:6      | Killed a hornet
  4894 | D:6      | Noticed Pikel
  4908 | D:6      | Killed Pikel
  4909 | D:6      | Reached skill level 10 in Summonings
  4909 | D:6      | Reached XP level 9. HP: 34/45 MP: 6/21
  5168 | D:6      | Reached skill level 11 in Summonings
  5207 | D:6      | Identified the amulet of the Failed Coup {Faith Str+4}
  5249 | D:6      | Noticed Prince Ribbit
  5269 | D:6      | Killed Prince Ribbit
  6243 | D:7      | Noticed a troll
  6255 | D:7      | Killed a troll
  6256 | D:7      | Reached skill level 12 in Summonings
  6264 | D:7      | Noticed a centaur warrior
  6271 | D:7      | HP: 2/45 [centaur warrior (3)]
  6273 | D:7      | Slain by a centaur warrior

Illustrated notes

Levels and vault maps discovered:
D:1:      roderic_crop_circles_arrival_small, layout_basic,
          minmay_misc_feat_rugged
D:2:      layout_basic, serial_shops, shop, nicolae_shop_waterfront,
          nicolae_shop_behind_doors, nicolae_shop_waterfront,
          nicolae_lakefront_shop, uniq_jessica
D:3:      layout_basic, grunt_dithmenos_smoke_and_mirrors, lemuel_tele_altar,
          overflow_temple_1_default, serial_rivers,
          chequers_serial_rivers_micro_c, chequers_serial_rivers_small_3,
          chequers_serial_rivers_micro_b, chequers_serial_rivers_small_3,
          pf_guarded_unrand_meek
D:4:      layout_cave_pools, mainiacjoe_overflow_catwalk_spiral, uniq_menkaure
D:5:      layout_loops_ring, grunt_ministairs_8
D:6:      layout_basic, uniq_pikel, uniq_prince_ribbit1
D:7:      layout_loops_cross, minmay_temple_entry_large_hall, serial_shops,
          shop_fountains, minmay_three_doors

Skill      XL: |  1  2  3  4  5  6  7  8  9 |
---------------+----------------------------+-----
Summonings     | 5 6 7 8 10 12 | 12.1
Spellcasting   | 3 4 5 6 7 8 |  8.9
Dodging        | |  2.1
Stealth        | |  2.0

Action                     |  1- 3 |  4- 6 |  7- 9 || total
---------------------------+-------+-------+-------++-------
  Melee: Unarmed           |    51 |       |       ||    51
         Kick              |    17 |     9 |     6 ||    32
         Peck              |    17 |     5 |     8 ||    30
         Punch             |     3 |       |       ||     3
         Dagger            |     3 |     6 |       ||     9
         Quarterstaff      |       |    30 |    33 ||    63
   Cast: Summon Small Mamm |    19 |    16 |    23 ||    58
         Call Imp          |     5 |     6 |    13 ||    24
         Call Canine Famil |     3 |    17 |    13 ||    33
         Summon Guardian G |       |       |    13 ||    13
         Summon Lightning  |       |       |     4 ||     4
    Use: Scroll            |     4 |     2 |       ||     6
         Potion            |       |       |     5 ||     5
   Stab: Distracted        |       |     1 |     1 ||     2
 Armour: Robe              |     5 |    18 |    13 ||    36
  Dodge: Dodged            |    16 |    25 |    30 ||    71

Table legend: (Time is in decaauts)
 A = Elapsed time spent in this place.
 B = Non-inter-level travel time spent in this place.
 C = Inter-level travel time spent in this place.
 D = Time resting spent in this place.
 E = Time spent auto-exploring this place.
 F = Levels seen in this place.
 G = Mean time per level.
                   A        B        C        D        E       F      G
               +--------+--------+--------+--------+--------+-----+--------+
         Total |   6136 |   5926 |    210 |    722 |   3878 |   7 |  876.6 |
       Dungeon |   6136 |   5926 |    210 |    722 |   3878 |   7 |  876.6 |
               +--------+--------+--------+--------+--------+-----+--------+

Top non-repeatable levels by time:
     D:5: 1141 daAuts
     D:6: 1001 daAuts
     D:2: 966 daAuts
     D:4: 882 daAuts
     D:1: 854 daAuts
     D:3: 780 daAuts
     D:7: 509 daAuts
